 Dungeon Crawl Stone Soup version 0.27.1 (webtiles) character file.

Game seed: 9562731703650392651

193 H0rd4k the Caller (level 5, -2/35 HPs)
             Began as a Barachi Summoner on Aug 30, 2021.
             Killed by divine providence
             ... invoked by an orc priest
              (11 damage)
             ... on level 4 of the Dungeon.
             The game lasted 00:08:03 (6330 turns).

H0rd4k the Caller (Barachi Summoner)                Turns: 6330, Time: 00:08:04

Health: -2/35      AC:  3    Str: 10    XL:     5   Next: 72%
Magic:  6/11       EV: 12    Int: 16    God:
Gold:   137        SH:  0    Dex: 12    Spells: 8/12 levels left

rFire    . . .     SeeInvis .   (no weapon)
rCold    . . .     Faith    .   (no shield)
rNeg     . . .     Spirit   .   a - +0 robe
rPois    .         Reflect  .   (no helmet)
rElec    .         Harm     .   (no cloak)
rCorr    .         Rampage  .   (no gloves)
Will     +....                  d - +0 pair of boots
Stlth    ++........             (no amulet)
HPRegen  0.11/turn              i - ring of willpower
MPRegen  0.12/turn              (no ring)

@: slow
A: amphibious, slowness 1, strong legs 1, +LOS
a: Hop


You were on level 4 of the Dungeon.
You visited 1 branch of the dungeon, and saw 4 of its levels.

You collected 137 gold pieces.

Inventory:

Armour
 a - a +0 robe (worn)
 d - a +0 pair of boots (worn)
Jewellery
 i - a ring of willpower (left hand)
Wands
 k - a wand of iceblast (8)
Scrolls
 b - 2 scrolls of enchant armour {unknown}
 c - a scroll of acquirement {unknown}
 e - 2 scrolls of enchant weapon {unknown}
 f - a scroll of silence {unknown}
 g - a scroll of fog {unknown}
 h - 2 scrolls of teleportation {unknown}
 j - a scroll of torment {unknown}


   Skills:
 + Level 0.2 Fighting
 + Level 2.5 Dodging
 - Level 1.7 Stealth
 * Level 4.0 Spellcasting
 * Level 6.7 Summonings


You had 8 spell levels left.
You knew the following spells:

 Your Spells              Type           Power      Damage    Failure   Level
a - Summon Small Mammal   Summ           96%        N/A       1%          1
b - Call Canine Familiar  Summ           24%        N/A       3%          3

Your spell library contained the following spells:

 Spells                   Type           Power      Damage    Failure   Level
 Call Imp                 Summ           24%        N/A       1%          2
 Summon Guardian Golem    Hex/Summ       14%        N/A       13%         3
 Magic Dart               Conj           12%        1d3       17%         1
 Searing Ray              Conj           6%         3d3       26%         2
 Summon Lightning Spire   Summ/Air       14%        N/A       38%         4
 Fulminant Prism          Conj/Hex       1%         3d6       86%         4
 Leda's Liquefaction      Hex/Erth       1%         N/A       86%         4
 Bolt of Magma            Conj/Fire/Erth 1%         4d4       99%         5
 Statue Form              Tmut/Erth      2%         N/A       100%        6


Dungeon Overview and Level Annotations

Branches:
Dungeon (4/15)
 Temple: D:4-7

Altars:
Hepliaklqana

Annotations:
D:1 exclusion: downstairs
D:3 exclusion: 2 downstairs


Innate Abilities, Weirdness & Mutations

You are amphibious.
You cover ground slowly.
You can hop short distances.
You have an extended range of vision and can be seen from far away.


Message History

Casting: Summon Small Mammal (safe; 1% risk of failure)
Confirm with . or Enter, or press ? or * to list all spells.
The orc priest invokes the aid of Beogh against you.
Beogh smites you!
The orc wizard shouts!
You hear a shout! x2
An orc comes into view. It is wielding a +0 club.
What are your orders? t - Croak!
Orders for allies: a - Attack new target. r - Retreat! s - Stop attacking. g - Guard the area. f - Follow me.
Anything else - Cancel.
Guard this area!
Your hound bites the orc priest.
The orc priest closely misses your hound.
An orc wizard comes into view. It is wielding a +0 dagger.
An orc priest comes into view. It is wielding a +0 flail.
Your hound closely misses the orc priest.
Your rat closely misses the orc priest.
Your hound closely misses the orc priest.
Your quokka misses the orc priest.
The orc priest completely misses your quokka.
Your hound misses the orc priest.
Your rat bites the orc priest but does no damage. x2
Your quokka bites the orc priest.
The orc priest barely misses your rat.
Your hound bites the orc priest but does no damage.
The orc hits your hound with a +0 club.
The orc priest mumbles some strange prayers to Beogh against you.
Beogh smites you!
* * * LOW HITPOINT WARNING * * *
Your rat closely misses the orc priest.
Your quokka completely misses the orc priest.
Your rat bites the orc priest but does no damage.
Your hound barely misses the orc priest.
The orc priest looks satisfied for a moment.
Your hound barely misses the orc priest.
Your quokka bites the orc priest but does no damage.
Your rat bites the orc priest but does no damage. x2
The orc priest mumbles some strange prayers to Beogh against you.
Beogh smites you!
You die...

#.#.##.#
#.........##..####
#.#.##.# #########.##..#
....##.# ####.##..#
.........######....##..#
.......#.##.....#.....<#
.......# #.###....#####
....^..#.##.####.#.#
.......#.......#.#.#
............##.#@#.#
.....#########.....#
#....# #...### #...#
..rro# ###oro# #.h.#
#.oo# #...#


You could see 2 orc priests, 2 orc wizards, an orc, a friendly hound (summoned),
a friendly quokka (summoned) and 2 friendly rats.

Vanquished Creatures
  A jackal (D:2)
1 creature vanquished.

Vanquished Creatures (collateral kills)
  A scorpion (D:4)
  A jelly (D:3)
  A gnoll shaman (D:3)
  An iguana (D:4)
  Robin (D:2)
  4 gnolls
  9 adders
  An adder skeleton (D:4)
  2 worms
  4 dart slugs
  2 orcs
  3 bats
  7 endoplasms
  2 giant cockroaches
  10 goblins
  8 hobgoblins
  A jackal (D:2)
  2 ball pythons (D:1)
  6 frilled lizards
  6 kobolds
  A quokka skeleton (D:4)
  4 rats
77 creatures vanquished.

Grand Total: 78 creatures vanquished

Notes
Turn   | Place    | Note
-------+----------+-------------------------------------------
     0 | D:1      | H0rd4k the Barachi Summoner began the quest for the Orb.
     0 | D:1      | Reached XP level 1. HP: 13/13 MP: 3/3
   271 | D:1      | Reached skill level 5 in Summonings
   803 | D:1      | Reached XP level 2. HP: 19/19 MP: 0/5
  2148 | D:2      | Reached XP level 3. HP: 24/24 MP: 1/7
  2157 | D:1      | Learned a level 3 spell: Call Canine Familiar
  2737 | D:2      | Noticed Robin
  3006 | D:3      | Found a hazy altar of Hepliaklqana.
  3127 | D:3      | Reached XP level 4. HP: 30/30 MP: 3/8
  3651 | D:3      | Reached skill level 6 in Summonings
  4125 | D:2      | Killed Robin
  4620 | D:2      | Reached XP level 5. HP: 35/35 MP: 7/10
  4747 | D:2      | Found a faded altar of an unknown god.
  6330 | D:4      | Killed from afar by an orc priest

Illustrated notes

Levels and vault maps discovered:
D:1:      ebering_hopf_link, layout_loops_corners, minmay_misc_feat_chi
D:2:      layout_loops_corners, shapermc_ecumenical_altar_mp_vishouse,
          minmay_misc_feat_diagonals, hangedman_decor_peaks_small, uniq_robin
D:3:      layout_rooms, mainiacjoe_overflow_brackets, grunt_decor_cap,
          hex_medium
D:4:      layout_loops_ring, solitary_fountain, hangedman_decor_opposing

Skill      XL: |  1  2  3  4  5 |
---------------+----------------+-----
Summonings     | 5 6 |  6.7
Spellcasting   | 3 4 |  4.0
Fighting       | |  0.2
Dodging        | |  2.5
Stealth        | |  1.7

Action                   |  1- 3 |  4- 6 || total
-------------------------+-------+-------++-------
Melee: Unarmed           |    16 |     6 ||    22
 Cast: Summon Small Mamm |    91 |    73 ||   164
       Call Canine Famil |     6 |    23 ||    29
 Abil: Hop               |     1 |     3 ||     4
  Use: Potion            |     1 |       ||     1
Armor: Robe              |    12 |    14 ||    26
Dodge: Dodged            |    56 |    72 ||   128
